 Dungeon Crawl Stone Soup version 0.29.0-7-g18a832c13a (webtiles) character file.

Game seed: 10742137407085275194

19 Arum the Shield-Bearer (level 2, 0/25 HPs)
             Began as a Formicid Fighter on Aug 30, 2022.
             Was a Follower of the Shining One.
             Slain by Terence
             ... wielding a +2 vorpal falchion
              (1 damage)
             ... on level 2 of the Dungeon.
             The game lasted 00:00:49 (891 turns).

Arum the Shield-Bearer (Formicid Fighter)            Turns: 891, Time: 00:00:49

Health: 0/25       AC:  6    Str: 20    XL:     2   Next: 95%
Magic:  2/2        EV:  9    Int:  7    God:    the Shining One [*.....]
Gold:   103        SH:  5    Dex: 13    Spells: 1/1 levels left

rFire   . . .      SeeInvis +   a - +0 quarterstaff
rCold   . . .      Faith    .   c - +0 buckler
rNeg    . . .      Spirit   .   b - +0 scale mail
rPois   .          Reflect  .   (helmet unavailable)
rElec   .          Harm     .   (no cloak)
rCorr   .          Rampage  .   (no gloves)
Will    .....                   (no boots)
Stlth   ..........              (no amulet)
HPRegen 0.08/turn               (no ring)
MPRegen 0.08/turn               (no ring)

@: glowing
A: permanent stasis, dig shafts and tunnels, antennae 3, four strong arms
a: Dig, Shaft Self, Renounce Religion, Divine Shield


You were on level 2 of the Dungeon.
You worshipped the Shining One.
The Shining One was aware of your devotion.
You visited 1 branch of the dungeon, and saw 2 of its levels.

You collected 103 gold pieces.

Inventory:

Hand Weapons
 a - a +0 quarterstaff (weapon)
Missiles
 f - 2 silver javelins
Armour
 b - a +0 scale mail (worn)
 c - a +0 buckler (worn)
Scrolls
 e - a scroll of identify {unknown}
 j - a scroll of enchant armour {unknown}
 k - a scroll of amnesia {unknown}
 l - a scroll of blinking {unknown}
Potions
 d - a potion of might
 g - a potion of mutation {unknown}
 h - a potion of cancellation {unknown}
 i - a potion of flight {unknown}


   Skills:
 * Level 3.7 Fighting
 + Level 2.2 Staves
 + Level 3.5 Armour
 + Level 4.3 Shields


You had one spell level left.
You didn't know any spells.
Your spell library was empty.

Dungeon Overview and Level Annotations

Branches:
Dungeon (2/15)

Altars:
The Shining One

Annotations:
D:2 Terence


Innate Abilities, Weirdness & Mutations

You cannot be hasted, slowed, berserked, paralysed or teleported.
You can dig through walls and to a lower floor.
You have a pair of large antennae on your head. (SInv)
Your four strong arms can wield two-handed weapons with a shield.


Message History

No target in view!
No target in view!
No target in view!
No target in view!
HP restored.
You see here a +0 club.
Found 5 stones.
You sense a monster nearby.
k - a scroll labelled PIANTE JIR No target in view!
Found a scale mail.
No target in view!
No target in view!
You sense a monster nearby.
l - a scroll labelled TOHILO GUTSUI Terence the Incautious comes into view.
He is wielding a +2 vorpal falchion.
Terence shouts!
You barely miss Terence.
Terence hits you with a +2 vorpal falchion.
You hit Terence.
Terence is moderately wounded.
You block Terence's attack.
You hit Terence.
Terence is heavily wounded.
Terence barely misses you.
Terence hits you with a +2 vorpal falchion.
You barely miss Terence.
Terence is heavily wounded.
Terence hits you with a +2 vorpal falchion!
You are too injured to fight recklessly!
You are too injured to fight recklessly!
You hit Terence but do no damage.
Terence is heavily wounded.
Terence hits you with a +2 vorpal falchion.
* * * LOW HITPOINT WARNING * * *
x2 You sock Terence!
Terence is almost dead.
Terence hits you with a +2 vorpal falchion.
* * * LOW HITPOINT WARNING * * *
You die...

#########.#..######
#..........).......
#.....###..#.######
#.....# #..#.#
#.....###..#.####
#.....##.........
#.....##...#...[.
#....#.######
#@####... #.@#
##### #..## #..#
...# .### #


You could see Terence.

Vanquished Creatures
  2 dart slugs (D:1)
  2 bats (D:1)
  2 endoplasms (D:1)
  A giant cockroach (D:1)
  A goblin (D:2)
  2 hobgoblins (D:1)
  A quokka (D:1)
  A kobold (D:1)
  A rat (D:1)
13 creatures vanquished.

Notes
Turn   | Place    | Note
-------+----------+-------------------------------------------
     0 | D:1      | Arum the Formicid Fighter began the quest for the Orb.
     0 | D:1      | Reached XP level 1. HP: 18/18 MP: 1/1
    97 | D:1      | Found a faded altar of an unknown god.
   103 | D:1      | Prayed at the altar of an unknown god.
   103 | D:1      | Became a worshipper of the Shining One
   103 | D:1      | Reached * piety under the Shining One
   129 | D:1      | Reached XP level 2. HP: 24/24 MP: 2/2
   884 | D:2      | Noticed Terence
   891 | D:2      | HP: 1/25 [Terence/+2 vorpal falchion (3)]
   891 | D:2      | Slain by Terence

Illustrated notes

Levels and vault maps discovered:
D:1:      lightli_arrival_farm, layout_basic,
          hellmonk_ecumenical_altar_heavens_door, minmay_small_reverse_x
D:2:      layout_basic, uniq_terence

Action                   || total
-------------------------++-------
Melee: Quarterstaff      ||    31
Armor: Scale mail        ||    11
Dodge: Dodged            ||     6
Block: Buckler           ||     7
